 Dungeon Crawl Stone Soup version 0.22.1-2-g9c5b331 (webtiles) character file.

11622 Fang the Cleaver (level 11, -1/108 HPs)
             Began as a Gargoyle Berserker on Jan 4, 2019.
             Was a High Priest of Trog.
             Killed by divine providence
             ... invoked by an orc priest
              (13 damage)
             ... on level 10 of the Dungeon.
             The game lasted 00:15:36 (10401 turns).

Fang the Cleaver (Gargoyle Berserker)              Turns: 10401, Time: 00:15:37

Health: -1/108     AC: 31    Str: 29    XL:     11   Next: 80%
Magic:  11/11      EV: 12    Int: 17    God:    Trog [*****.]
Gold:   443        SH:  0    Dex:  9    Spells: 10/10 levels left

rFire    . . .     SeeInvis +   a - +3 executioner's axe (chop)
rCold    . . .     Gourm    .   (shield currently unavailable)
rNeg     + . .     Faith    .   i - +7 scale mail "Uskuestra" {Int+4}
rPois    ∞         Spirit   .   U - +1 hat {SInv}
rElec    +         Reflect  .   V - +2 cloak {+Inv}
rCorr    .         Harm     .   y - +2 pair of gloves
MR       .....                  (no boots)
Stlth    ..........             (no amulet)
HPRegen  0.28/turn              t - +5 ring of intelligence
MPRegen  0.12/turn              K - ring of stealth

@: berserking, very quick
A: negative energy resistance 1, electricity resistance, unbreathing,
petrification resistance, rot immunity, AC +8
a: Berserk, Trog's Hand, Brothers in Arms, Renounce Religion, Evoke Invisibility


You were on level 10 of the Dungeon.
You worshipped Trog.
Trog was extremely pleased with you.
You were hungry.

You visited 2 branches of the dungeon, and saw 11 of its levels.

You collected 443 gold pieces.

Inventory:

Hand Weapons
 a - a +3 executioner's axe of chopping (weapon)
 M - a +2 war axe of chopping
 Q - a +4 antimagic executioner's axe
Armour
 i - the +7 scale mail "Uskuestra" (worn) {Int+4}
   (You found it on level 10 of the Dungeon)

   It affects your intelligence (+4).
 y - a +2 pair of gloves (worn)
 P - a +1 cloak of magic resistance
 T - the +1 ring mail of Litaihet {*Corrode rPois MP+9 Dex+5}
   (You found it on level 9 of the Dungeon)

   It affects your dexterity (+5).
   It protects you from poison.
   It affects your magic capacity (+9).
   It may corrode you when you take damage.
 U - a +1 hat of see invisible (worn)
 V - a +2 cloak of invisibility (worn)
Jewellery
 b - an uncursed ring of protection from cold
 r - an uncursed ring of protection from fire
 s - an uncursed ring of protection from magic
 t - a +5 ring of intelligence (left hand)
 K - a ring of stealth (right hand)
Wands
 w - a wand of iceblast (11)
 J - a wand of flame (39)
 S - a wand of digging (12)
Scrolls
 f - 4 scrolls of remove curse
 h - 3 scrolls of fog
 q - 3 scrolls of teleportation
 E - 2 scrolls of blinking
 G - 2 scrolls of fear
Potions
 d - a potion of magic {unknown}
 e - a potion of mutation {unknown}
 j - 2 potions of brilliance
 k - 2 potions of agility
 l - 7 potions of curing
 m - 4 potions of might
 o - 3 potions of lignification
 p - a potion of berserk rage
 x - 4 potions of invisibility
 z - a potion of cancellation
 B - 3 potions of flight
 C - 2 potions of ambrosia {unknown}
 F - a potion of resistance {unknown}
 H - a potion of degeneration {unknown}
 I - 4 potions of heal wounds {unknown}
 N - a potion of haste {unknown}
Comestibles
 c - 18 rations


   Skills:
 + Level 9.9 Fighting
 + Level 12.4 Axes
 + Level 8.3 Armour
 + Level 4.6 Dodging
 + Level 2.6 Stealth


You had 10 spell levels left.
You didn't know any spells.
Your spell library was empty.

Dungeon Overview and Level Annotations

Branches:
Dungeon (10/15)            Temple (1/1) D:6            Lair (0/6) D:9
    Orc (0/2) D:10

Altars:
Ashenzari
Dithmenos
Elyvilon
Fedhas
Makhleb
Okawaru
Ru
Trog
Vehumet
Xom
The Shining One
Beogh

Shops:
D:10 :

Annotations:
D:7 2 transporters, ryzol's ghost, novice DEFE


Innate Abilities, Weirdness & Mutations

You are resistant to torment.
Your stone body is resilient. (AC +8)
You are immune to poison.
You resist negative energy. (rN+)
You are resistant to electric shocks. (rElec)
You can survive without breathing.
You are immune to petrification.
You are immune to rotting.


Message History

The troll barely misses you. The troll claws you but does no damage.
The troll claws you.
* * * LOW HITPOINT WARNING * * *
A red film seems to cover your vision as you go berserk!
You feel yourself moving faster!
You feel mighty!
You are feeling hungry.
An orc warrior comes into view. It is wielding a glaive.
The orc wizard gestures wildly while chanting.
The orc wizard seems to speed up.
The troll closely misses you. The troll claws you but does no damage.
The troll closely misses you.
You hear a shout!
Unknown command.
You are too injured to fight recklessly!
You slice the troll!!
You feel the power of Trog in you as your rage grows.
You kill the troll!
Trog accepts your kill.
The orc priest invokes the aid of Beogh against you.
Beogh smites you!
You die...

.......#.......≈≈≈≈≈≈≈≈**,*,,,*,*
.....(.#######....#**,,,,,,,,,,,*
##....## #..#.##*,.**,*,*,,,,
#....########..#..##..,*,*,*,,,<
#....#......#....,....,*,,,*,*,,
#....#......##.##..##..*,,,*,*,,
##....#.................*,_,*,*,*
......#.......#.###..#,,*,,,*,,,,
#.............#.@....#,,*,*,*****
#.....#.......#.#.##.#,,*,*,,,,,,
#.....#?.<....#Z#...,*,,*,*******
..................o#.#,,*,*,,,,,,
≈≈≈≈≈≈≈≈≈≈≈≈≈≈≈≈≈8..,..,*,*,*****
≈≈≈≈≈≈≈≈≈≈≈≈≈≈≈≈8≈.##,.#*,*,*
##############ao≈≈.#*,,#*,*,*
,,,,,,,,,,,,,.#.≈≈o#**>**+*,**
,,,,,,,,,,,,,,**≈≈,,,,,,,,,,,*


You could see a soldier ant, an orc warrior, an orc priest, an orc wizard and a
wyvern skeleton.

Vanquished Creatures
  Gastronok (D:9)
  A two-headed ogre (D:9)
  An unseen horror (D:7)
  Pikel (D:6)
  Maurice (D:8)
  Joseph (D:7)
  A komodo dragon (D:7)
  2 hornets
  2 trolls
  4 hippogriffs
  6 yaks (D:9)
  A hungry ghost (D:9)
  The ghost of frimble the Chopper, an amateur DsFi (D:4)
  A water moccasin (D:3)
  An orc warrior (D:8)
  Duvessa (D:6)
  3 slaves (D:6)
  A phantom (D:9)
  4 sky beasts
  A black bear (D:10)
  3 centaurs
  6 ogres
  A crocodile (D:8)
  2 big kobolds (D:7)
  5 bullfrogs
  2 scorpions
  A wyvern skeleton (D:7)
  Dowan (D:6)
  7 wights
  A howler monkey (D:5)
  2 electric eels (D:10)
  4 crimson imps
  A quasit (D:6)
  A bullfrog zombie (D:5)
  2 jellies
  A gnoll shaman (D:7)
  6 orc priests
  Crazy Yiuf (D:2)
  4 hounds
  9 orc wizards
  A centaur skeleton (D:6)
  An iguana (D:5)
  Terence (D:2)
  9 worker ants
  A killer bee zombie (D:7)
  A hound zombie (D:5)
  Robin (D:4)
  7 gnolls
  17 adders
  4 shadow imps
  2 adder skeletons
  2 adder zombies
  A worm (D:2)
  A dart slug (D:2)
  6 leopard geckos
  44 orcs
  5 bats
  5 giant cockroaches
  16 goblins
  13 hobgoblins
  8 jackals
  18 kobolds
  2 quokkas
  3 ball pythons
  7 frilled lizards
  A quokka skeleton (D:7)
  8 rats
280 creatures vanquished.

Vanquished Creatures (collateral kills)
  The ghost of grumblor the Fighter, a journeyman GrFi of Ashenzari (D:9)
  A warg (D:9)
  4 orc warriors (D:9)
  An orc priest (D:9)
  An orc (D:9)
8 creatures vanquished.

Vanquished Creatures (others)
  A slave (D:6)
  A wight (D:6)
  A giant cockroach (D:6)
  A withered plant (D:4)
4 creatures vanquished.

Grand Total: 292 creatures vanquished

Notes
Turn   | Place    | Note
-------+----------+-------------------------------------------
     0 | D:1      | Fang the Gargoyle Berserker began the quest for the Orb.
     0 | D:1      | Reached XP level 1. HP: 14/14 MP: 1/1
    53 | D:1      | Reached XP level 2. HP: 12/19 MP: 2/2
    56 | D:1      | Reached skill level 3 in Axes
   464 | D:1      | Reached ** piety under Trog
   464 | D:1      | Reached XP level 3. HP: 17/23 MP: 3/3
   769 | D:2      | Found a faded altar of an unknown god.
   769 | D:2      | Noticed Terence
   800 | D:2      | Killed Terence
   800 | D:2      | Reached XP level 4. HP: 17/29 MP: 4/4
  1020 | D:2      | Reached skill level 4 in Axes
  1328 | D:2      | Found a runed door.
  1332 | D:2      | Noticed Crazy Yiuf
  1339 | D:2      | Killed Crazy Yiuf
  1339 | D:2      | Reached XP level 5. HP: 33/33 MP: 5/5
  1713 | D:3      | Reached *** piety under Trog
  1875 | D:3      | Noticed a water moccasin
  1893 | D:3      | Killed a water moccasin
  1893 | D:3      | Reached skill level 5 in Axes
  1893 | D:3      | Reached XP level 6. HP: 23/39 MP: 6/6
  2144 | D:3      | Reached skill level 1 in Stealth
  2781 | D:4      | Noticed Robin
  2792 | D:4      | Killed Robin
  2792 | D:4      | Reached XP level 7. HP: 44/44 MP: 7/7
  2822 | D:4      | Reached **** piety under Trog
  3255 | D:4      | Reached skill level 6 in Axes
  3344 | D:4      | Found a runed door.
  3346 | D:4      | Noticed frimble's ghost (amateur DsFi)
  3393 | D:4      | Reached skill level 5 in Fighting
  3869 | D:4      | Killed frimble's ghost
  4002 | D:5      | Entered Level 5 of the Dungeon
  4005 | D:5      | Reached XP level 8. HP: 49/49 MP: 8/8
  4017 | D:5      | Found a white marble altar of Elyvilon.
  4122 | D:5      | Reached skill level 7 in Axes
  4267 | D:5      | Found a sacrificial altar of Ru.
  4414 | D:5      | Found a radiant altar of Vehumet.
  4543 | D:5      | Found an iron altar of Okawaru.
  4809 | D:6      | Noticed Pikel
  4821 | D:6      | Killed Pikel
  4821 | D:6      | Reached skill level 8 in Axes
  4821 | D:6      | Reached XP level 9. HP: 56/56 MP: 9/9
  5002 | D:6      | Found a burning altar of Makhleb.
  5004 | D:6      | Found a glowing golden altar of the Shining One.
  5006 | D:6      | Found a bloodstained altar of Trog.
  5052 | D:6      | Found a staircase to the Ecumenical Temple.
  5234 | D:6      | Found a shimmering altar of Xom.
  5551 | D:6      | Noticed Dowan
  5551 | D:6      | Noticed Duvessa
  5558 | D:6      | Killed Dowan
  5560 | D:6      | Killed Duvessa
  5560 | D:6      | Reached skill level 9 in Axes
  5916 | Temple   | Entered the Ecumenical Temple
  5966 | D:7      | Noticed Joseph
  5990 | D:7      | Killed Joseph
  5992 | D:7      | Reached skill level 5 in Armour
  6175 | D:7      | Found a shadowy altar of Dithmenos.
  6226 | D:7      | Noticed ryzol's ghost (novice DEFE)
  6238 | D:7      | Reached ***** piety under Trog
  6306 | D:7      | Reached XP level 10. HP: 58/63 MP: 10/10
  6376 | D:7      | Found a transporter.
  6412 | D:7      | Reached skill level 10 in Axes
  6805 | D:7      | Killed an unseen horror
  6998 | D:7      | Identified Sif Muna's Almanac of Toxins and Arcane Weapons
  7027 | D:7      | Found a shadowy altar of Dithmenos.
  7028 | D:7      | Found a blossoming altar of Fedhas.
  7028 | D:7      | Found a radiant altar of Vehumet.
  7028 | D:7      | Found a glowing golden altar of the Shining One.
  7119 | D:7      | Found an iron altar of Okawaru.
  7230 | D:7      | Found a transporter.
  7509 | D:8      | Found a shattered altar of Ashenzari.
  7778 | D:8      | Noticed Maurice
  7833 | D:8      | Killed Maurice
  7833 | D:8      | Reached skill level 11 in Axes
  8054 | D:8      | Received a gift from Trog
  8229 | D:9      | Reached XP level 11. HP: 43/69 MP: 3/11
  8311 | D:9      | Found a staircase to the Lair.
  8336 | D:9      | Paralysed by fainting for 7 turns
  8399 | D:9      | Noticed a two-headed ogre
  8407 | D:9      | Killed a two-headed ogre
  8754 | D:9      | Got an ichor-stained ring mail
  8765 | D:9      | Identified the cursed +1 ring mail of Litaihet {*Corrode
                  | rPois MP+9 Dex+5} (You found it on level 9 of the Dungeon)
  8781 | D:9      | Noticed Gastronok
  8798 | D:9      | Killed Gastronok
  9243 | D:9      | Reached skill level 12 in Axes
  9523 | D:9      | Found a runed gate.
  9523 | D:9      | Found a runed gate.
  9524 | D:9      | Found a runed gate.
  9528 | D:9      | Noticed grumblor's ghost (journeyman GrFi)
  9534 | D:9      | Found a roughly hewn altar of Beogh.
  9658 | D:9      | Killed grumblor's ghost
  9966 | D:10     | Entered Level 10 of the Dungeon
  9994 | D:10     | Identified a scroll of acquirement
 10033 | D:10     | Found Jafetoet's Book Emporium.
 10286 | D:10     | Got a transparent scale mail
 10297 | D:10     | Identified the +7 scale mail "Uskuestra" {Int+4} (You found
                  | it on level 10 of the Dungeon)
 10401 | D:10     | Killed from afar by an orc priest

Skill      XL: |  1  2  3  4  5  6  7  8  9 10 11 |
---------------+----------------------------------+-----
Axes           | 3 4 5 6 8 9 11 12 | 12.4
Dodging        | 2 3 4 |  4.6
Fighting       | 4 5 6 7 8 9 |  9.9
Stealth        | 1 2 |  2.6
Armour         | 3 4 5 7 8 |  8.3

Action                   |  1- 3 |  4- 6 |  7- 9 | 10-12 || total
-------------------------+-------+-------+-------+-------++-------
Melee: Hand axe          |   126 |    47 |       |       ||   173
       War axe           |       |   134 |   352 |   191 ||   677
       Executioner's axe |       |       |       |   127 ||   127
Invok: Berserk           |     1 |     4 |     5 |     5 ||    15
       Brothers in Arms  |       |       |       |     2 ||     2
  Use: Scroll            |       |       |       |    22 ||    22
 Stab: Sleeping          |       |     1 |       |     1 ||     2
       Paralysed         |       |       |     1 |       ||     1
  Eat: Chunk             |       |    10 |    17 |    14 ||    41
       Ration            |       |       |       |     2 ||     2
Armor: Animal skin       |    27 |    67 |       |       ||    94
       Chain mail        |       |    27 |   269 |   335 ||   631
       Ring mail         |       |       |       |    49 ||    49
       Scale mail        |       |       |       |    14 ||    14
Dodge: Dodged            |    81 |   121 |   147 |   263 ||   612
